 Dungeon Sprint DCSS version 0.21.0-24-g2553a33 (webtiles) character file.

2900000 letownia2 the Axe Maniac (level 21, -4/224 HPs)
             Began as a Ghoul Fighter on Jan 21, 2018.
             Engulfed by a cloud of flame (9 damage)
             ... in the Dungeon (Sprint VIII: "Arena of Blood").
             The game lasted 00:01:17 (29 turns).

letownia2 the Axe Maniac (Ghoul Fighter)              Turns: 29, Time: 00:01:18

Health: -4/224     AC: 13    Str: 24    XL:     21   Next: 81%
Magic:  17/51      EV: 28    Int:  3    God:
Gold:   0          SH:  0    Dex: 14    Spells: 74/74 levels left

rFire    . . .     SeeInvis .   l - +∞ Axe of Woe
rCold    + . .     Gourm    .   (shield currently unavailable)
rNeg     + + +     Faith    .   b - +0 scale mail
rPois    ∞         Spirit   .   (no helmet)
rElec    .         Reflect  .   (no cloak)
rCorr    .         Harm     .   (no gloves)
MR       +....     NoTele   +   (no boots)
Stlth    ++++++++..             (no amulet)
HPRegen  0.00/turn              (no ring)
MPRegen  0.32/turn              (no ring)

@: rotting
A: rotting body, claws 1, carnivore, cold resistance 1, negative energy
resistance 3, inhibited regeneration, torment resistance, unbreathing
a: no special abilities


You were in the Dungeon.
You were not hungry.

You visited 1 branch

Inventory:

Hand Weapons
 a - a +0 war axe
 l - the +∞ Axe of Woe (weapon)
   (You found it in the Dungeon)
Armour
 b - a +0 scale mail (worn)
 c - a +0 shield
Scrolls
 k - a scroll of blinking
Potions
 d - a potion of might
 e - a potion of curing
 g - a potion of heal wounds
 h - a potion of haste
 i - 2 potions of magic
 j - a potion of berserk rage
Comestibles
 f - a ration


   Skills:
 O Level 27 Fighting
 O Level 27 Axes
 + Level 15.6 Throwing
 O Level 27 Armour
 O Level 27 Dodging
 O Level 27 Stealth
 + Level 15.8 Shields
 + Level 18.0 Unarmed Combat
 O Level 27 Spellcasting


You had 74 spell levels left.
You didn't know any spells.

Dungeon Overview and Level Annotations

Branches:
Dungeon (1/1)

Altars:
Makhleb


Innate Abilities, Weirdness & Mutations

Your body is rotting away.
You thrive on raw meat.
You are immune to poison.
You have sharp fingernails.
You are carnivorous and can eat meat at any time.
Your flesh is cold resistant. (rC+)
You are immune to negative energy. (rN+++)
You do not regenerate when monsters are visible.
You are immune to unholy pain and torment.
You can survive without breathing.


Message History

Unknown command.
Unknown command.
You slice the bag of meat!!
You hew the bag of meat savagely.
You kill the bag of meat!
Your Throwing skill gained 5 levels and is now at level 9!
Your Shields skill gained 4 levels and is now at level 9!
Your Unarmed Combat skill gained 5 levels and is now at level 10!
You hit the meat berserker.
You hew the meat berserker savagely.
You kill the meat berserker!
Your Throwing skill gained 5 levels and is now at level 14!
Your Shields skill gained 5 levels and is now at level 14!
Your Unarmed Combat skill gained 6 levels and is now at level 16!
You open the bag of meat like a pillowcase!!!
You butcher the bag of meat messily.
You kill the bag of meat!
Your Throwing skill increases to level 15!
Your Shields skill increases to level 15!
Your Unarmed Combat skill gained 2 levels and is now at level 18!
You are engulfed in blazing flames.
You die...

.. .. #. ...# #§.
o.%# .###%.
.o.###.
......###o.....
..%.._%....
#..)§§# . #_)<§§#
...
...#.o)§@#..%..
.%...._§§)......
......###o§......
.###.. .o§###...
#.. .o.# .. #.
....# oo .....
....... ....


You could see 7 bags of meat.

Vanquished Creatures
  A vampire knight (D)
  6 ogres (D)
  2 two-headed ogres (D)
  12 orcs (D)
21 creatures vanquished.

Notes
Turn   | Place    | Note
-------+----------+-------------------------------------------
     0 | D        | Found the +∞ Axe of Woe
     0 | D        | letownia2 the Ghoul Fighter began the quest for the Orb.
     0 | D        | Reached XP level 1. HP: 19/19 MP: 0/0
     2 | D        | Noticed a bag of meat
     3 | D        | Noticed a bag of meat
     4 | D        | Noticed a bag of meat
     4 | D        | Noticed a bag of meat
     9 | D        | Killed a bag of meat
     9 | D        | Reached XP level 2. HP: 26/26 MP: 1/1
     9 | D        | Reached XP level 3. HP: 31/31 MP: 2/2
     9 | D        | Reached XP level 4. HP: 38/38 MP: 3/3
     9 | D        | Reached XP level 5. HP: 45/45 MP: 4/4
     9 | D        | Reached XP level 6. HP: 51/51 MP: 5/5
     9 | D        | Reached XP level 7. HP: 57/57 MP: 6/6
     9 | D        | Reached XP level 8. HP: 63/63 MP: 7/7
     9 | D        | Reached XP level 9. HP: 70/70 MP: 8/8
     9 | D        | Reached XP level 10. HP: 77/77 MP: 9/9
     9 | D        | Reached XP level 11. HP: 82/82 MP: 10/10
     9 | D        | Reached XP level 12. HP: 89/89 MP: 11/11
    10 | D        | Killed a bag of meat
    10 | D        | Reached skill level 27 in Axes
    10 | D        | Reached XP level 13. HP: 66/99 MP: 12/12
    10 | D        | Killed a bag of meat
    10 | D        | Reached XP level 14. HP: 82/124 MP: 13/13
    10 | D        | Killed a bag of meat
    12 | D        | Noticed a bag of meat
    12 | D        | Noticed a bag of meat
    12 | D        | Noticed a bag of meat
    12 | D        | Noticed a bag of meat
    13 | D        | Noticed a meat berserker
    13 | D        | Noticed a meat berserker
    14 | D        | Noticed a bag of meat
    14 | D        | Noticed a large bag of meat
    15 | D        | Noticed a bag of meat
    16 | D        | Noticed a bag of meat
    16 | D        | Killed a bag of meat
    16 | D        | Reached XP level 15. HP: 97/145 MP: 14/14
    17 | D        | Noticed a meat berserker
    17 | D        | Noticed a meat berserker
    17 | D        | Killed a meat berserker
    17 | D        | Reached XP level 16. HP: 109/163 MP: 15/15
    19 | D        | Killed a meat berserker
    19 | D        | Reached XP level 17. HP: 91/181 MP: 16/16
    21 | D        | Killed a large bag of meat
    22 | D        | Killed a meat berserker
    22 | D        | Reached skill level 27 in Fighting
    22 | D        | Reached XP level 18. HP: 80/200 MP: 17/17
    23 | D        | Killed a meat berserker
    24 | D        | Noticed a meat berserker
    24 | D        | Noticed a meat berserker
    24 | D        | Noticed a large bag of meat
    24 | D        | Reached skill level 27 in Armour
    24 | D        | Reached skill level 27 in Dodging
    24 | D        | Reached XP level 19. HP: 69/207 MP: 17/27
    25 | D        | Noticed a destroyer
    26 | D        | Reached skill level 15 in Spellcasting
    28 | D        | Killed a meat berserker
    28 | D        | Reached XP level 20. HP: 42/216 MP: 17/42
    28 | D        | Killed a large bag of meat
    28 | D        | Reached skill level 27 in Stealth
    28 | D        | Killed a destroyer
    28 | D        | Reached skill level 27 in Spellcasting
    28 | D        | Reached skill level 5 in Shields
    28 | D        | Reached skill level 5 in Unarmed Combat
    28 | D        | Reached XP level 21. HP: 13/224 MP: 17/51
    28 | D        | HP: 5/224 [something (8)]
    29 | D        | Reached skill level 10 in Unarmed Combat
    29 | D        | Killed a meat berserker
    29 | D        | Reached skill level 15 in Throwing
    29 | D        | Reached skill level 15 in Shields
    29 | D        | Engulfed by a cloud of flame

Skill      XL: |  1  2  3  4  5  6  7  8  9 10 11 12 13 14 15 16 17 18 19 20 21 |
---------------+----------------------------------------------------------------+-----
Axes           | 24 27 | 27.0
Fighting       | 4 11 16 20 23 27 | 27.0
Armour         | 3 9 14 17 20 24 27 | 27.0
Dodging        | 2 9 14 17 20 24 27 | 27.0
Stealth        | 9 25 27 | 27.0
Spellcasting   | 6 19 27 | 27.0
Throwing       | 4 15 | 15.6
Shields        | 5 15 | 15.8
Unarmed Combat | 5 18 | 18.0

Action                   |  1- 3 |  4- 6 |  7- 9 | 10-12 | 13-15 | 16-18 | 19-21 || total
-------------------------+-------+-------+-------+-------+-------+-------+-------++-------
Melee: Executioner's axe |     1 |       |       |     1 |     2 |     5 |     4 ||    13
